[Event "RUS-ch Rapid 2021"]
[Site "Sochi"]
[Date "2021.10.13"]
[Round "9.1"]
[White "Moiseenko, Vadim"]
[Black "Riazantsev, Alexander"]
[Result "1-0"]
[ECO "A01"]
[WhiteElo "2542"]
[BlackElo "2634"]
[Annotator "RC"]
[PlyCount "115"]
[EventDate "2021.10.12"]
[EventType "swiss"]
[EventCountry "RUS"]
[SourceTitle "playchess.com"]
[Source "ChessBase"]
[SourceQuality "1"]
[TimeControl "900+10"]

1. b3 d5 2. Bb2 f6 3. d4 Bf5 4. c4 e5 5. Nc3 Bb4 6. e3 Ne7 7. dxe5 fxe5 8. a3 Bxc3+ 9. Bxc3 Nbc6 10. Nf3 Bg4 11. cxd5 Nxd5 12. Bb2 Qd6 13. Be2 O-O-O 14. h3 Bh5 15. O-O Qe7 16. Nd2 Bxe2 17. Qxe2 Nf6 18. Rac1 Qe6 19. b4 a6 20. Rc2 Rd6 21. Rfc1 Rhd8 22. Nf3 Kb8 23. Rc4 Nd7 24. Ng5 Qe7 25. Ne4 Rg6 26. R4c2 Rc8 27. Rd2 Qe6 28. Kh1 Qf5 29. Qd3 Nb6 30. Nc5 Qg5 31. Qe4 Ka7 32. Rdc2 Nd8 33. Bxe5 c6 34. Bd4 Ka8 35. Nd3 Nd7 36. Nf4 Rh6 37. a4 Nf6 38. Qf3 Qf5 39. b5 g5 40.
Rc5 Qd7 41. Rxg5 cxb5 42. Rxc8+ Qxc8 43. axb5 axb5 44. Rxb5 Nc6 45. Bb6 Qe8 46. Rb1 Qe5 47. Bd4 Qf5 48. Ra1+ Kb8 49. Bxf6 Qxf6 50. Qd1 Qe5 51. Qa4 Rd6 52. Qa8+ Kc7 53. Rb1 Nd8 54. Rc1+ Nc6 55. Qg8 Qb2 56. Rf1 Qc2 57. Nd5+ Kd7 58. Qf7+ 1-0

[Event "RUS-ch Rapid 2021"]
[Site "Sochi"]
[Date "2021.10.13"]
[Round "9.2"]
[White "Tsydypov, Zhamsaran"]
[Black "Sjugirov, Sanan"]
[Result "1/2-1/2"]
[ECO "B33"]
[WhiteElo "2526"]
[BlackElo "2663"]
[Annotator "RC"]
[PlyCount "148"]
[EventDate "2021.10.12"]
[EventType "swiss"]
[EventCountry "RUS"]
[SourceTitle "playchess.com"]
[Source "ChessBase"]
[SourceQuality "1"]
[TimeControl "900+10"]

1. e4 c5 2. Nf3 Nc6 3. d4 cxd4 4. Nxd4 Nf6 5. Nc3 e5 6.
Ndb5 d6 7. Nd5 Nxd5 8. exd5 Nb8 9. a4 Be7 10. Be2 O-O 11.
O-O Nd7 12. Be3 a6 13. Na3 f5 14. f3 f4 15. Bf2 Bh4 16. Qe1 Bxf2+ 17. Qxf2 Nf6 18. Rfd1 Bf5 19. c3 Qe7 20. Nc4 g5 21. Bd3 Bxd3 22. Rxd3 g4 23. Re1 Kh8 24. Qb6 Rad8 25. Kf1 Rg8 26. Ke2 gxf3+ 27. gxf3 Qd7 28. Kd2 Rg6 29. Kc1 Ne8 30. Qb4 Qc7 31. Rd2 Nf6 32. h4 Nd7 33. h5 Rh6 34. Kb1 Rc8 35. Na5 Nc5 36. Rh1 Rg8 37. Nc4 Rf6 38. Rdd1 Rf5 39. Ka2 Rfg5 40. Rh2 Rg3 41. Rf1 h6 42. Ka3 Kh7 43. Nd2 Rg2 44. Rxg2 Rxg2 45. Rd1 Kg7 46. Nc4 Kf7 47. Nd2 Rg3 48. Qc4 Qa5 49. Ne4 Nxe4 50. Qxe4 Kg7 51. b4 Qc7 52. Kb3 Qf7 53. Rd3 Qxh5 54. Qc4 Qf7 55. Qc8 e4 56. Rd4 exf3 57. Qc4 Rg4 58. Rd3 Rg5 59. Qd4+ Re5 60. Ka3 Qf5 61. Rxf3 Qe4 62. Rxf4 Qxd4 63. Rxd4 Re3 64. Kb3 h5 65. Kc2 Kg6 66. c4 b6 67. a5 bxa5 68. c5 axb4 69. cxd6 Re8 70. Rxb4 Rd8 71. Rb6 h4 72. Rxa6 h3 73. Ra3 Rxd6 74. Rxh3 Rxd5 1/2-1/2

[Event "RUS-ch Rapid 2021"]
[Site "Sochi"]
[Date "2021.10.13"]
[Round "9.4"]
[White "Lysyj, Igor"]
[Black "Petrov, Nikita"]
[Result "1/2-1/2"]
[ECO "E11"]
[WhiteElo "2603"]
[BlackElo "2539"]
[Annotator "RC"]
[PlyCount "82"]
[EventDate "2021.10.12"]
[EventType "swiss"]
[EventCountry "RUS"]
[SourceTitle "playchess.com"]
[Source "ChessBase"]
[SourceQuality "1"]
[TimeControl "900+10"]

1. d4 Nf6 2. c4 e6 3. Nf3 d5 4. g3 Bb4+ 5. Bd2 Be7 6. Bg2 O-O 7. O-O Nbd7 8.
Qc2 c6 9. Bf4 b6 10. Nbd2 Nh5 11. Be5 Bb7 12. e4 g5 13. cxd5 cxd5 14. Bc7 Qe8 15. Rac1 Rc8 16. Qd3 f6 17. Qe3 Ng7 18. Rfe1 Qf7 19. h3 Ne8 20. Nh2 Nxc7 21. Ng4 Kg7 22. Rxc7 Rxc7 23. exd5 Bxd5 24. Bxd5 exd5 25. Qxe7 Qxe7 26. Rxe7+ Rf7 27. Re8 f5 28. Ne3 f4 29. gxf4 gxf4 30. Nxd5 Rc2 31. Ne4 Re2 32. Ndc3 Re1+ 33. Kh2 Nf8 34. Nb5 Ng6 35. Nbd6 Rf8 36. Re6 Nh4 37. Ng5 Nf3+ 38. Kg2 Nh4+ 39. Kh2 Nf3+ 40. Kg2 Nh4+ 41. Kh2 Nf3+ 1/2-1/2

[Event "RUS-ch Rapid 2021"]
[Site "Sochi"]
[Date "2021.10.13"]
[Round "9.5"]
[White "Pridorozhni, Aleksei"]
[Black "Dreev, Aleksey"]
[Result "1/2-1/2"]
[ECO "B11"]
[WhiteElo "2564"]
[BlackElo "2635"]
[Annotator "RC"]
[PlyCount "44"]
[EventDate "2021.10.12"]
[EventType "swiss"]
[EventCountry "RUS"]
[SourceTitle "playchess.com"]
[Source "ChessBase"]
[SourceQuality "1"]
[TimeControl "900+10"]

1. e4 c6 2. Nc3 d5 3. Nf3 dxe4 4. Nxe4 Nf6 5. Qe2 Na6 6. Nxf6+ gxf6 7. d4 h5 8. c3 h4 9. Qe4 Qd5 10. Qxd5 cxd5 11. Bf4 Bf5 12. Bb5+ Bd7 13. Bd3 Rc8 14. Kd2 Nc7 15. g3 h3 16. Rhe1 Bh6 17. Bxh6 Rxh6 18. Nh4 Kf8 19. f4 Ne8 20. Re3 Nd6 21. Rae1 Re8 22. f5 Bc8 1/2-1/2

[Event "RUS-ch Rapid 2021"]
[Site "Sochi"]
[Date "2021.10.13"]
[Round "9.6"]
[White "Vastrukhin, Oleg"]
[Black "Alekseev, Evgeny"]
[Result "0-1"]
[ECO "D35"]
[WhiteElo "2382"]
[BlackElo "2602"]
[Annotator "RC"]
[PlyCount "138"]
[EventDate "2021.10.12"]
[EventType "swiss"]
[EventCountry "RUS"]
[SourceTitle "playchess.com"]
[Source "ChessBase"]
[SourceQuality "1"]
[TimeControl "900+10"]

1. g3 e5 2. Bg2 d5 3. c3 c6 4. d4 exd4 5. cxd4 Bd6 6. Nc3 Nf6 7. Nf3 O-O 8.
O-O Nbd7 9. Bf4 Bxf4 10. gxf4 Ne8 11. e3 Nd6 12. Rc1 Nf6 13.
Ne5 Bf5 14. Ne2 Be6 15. Ng3 g6 16. Nd3 Qe7 17. b3 Rae8 18.
a4 Bc8 19. a5 a6 20. Kh1 Kh8 21. Ne5 Ng8 22. Qd2 Nh6 23. Qb4 Qd8 24. Qb6 Qe7 25. Qb4 Nhf5 26. Nxf5 Bxf5 27. Rc3 f6 28. Nd3 Be4 29. f3 Bf5 30. Nc5 Nb5 31. e4 Nxc3 32. Qxc3 Bc8 33. Qe3 Qg7 34. Qf2 Qc7 35. Qd2 Rd8 36. e5 Rde8 37. Re1 Qf7 38. Qe3 fxe5 39. fxe5 Qf4 40. Kg1 Qxe3+ 41. Rxe3 Rf4 42. Rd3 Rh4 43. Rd2 g5 44. Bf1 Kg7 45. Kg2 Bh3+ 46. Kf2 Bxf1 47. Kxf1 Re7 48. Kg2 Kg6 49. Kg3 Rf4 50. h3 h5 51. Rd3 Kf5 52. b4 Rg7 53. Na4 g4 54. fxg4+ hxg4 55. h4 Rf1 56. Nc5 Rg1+ 57. Kh2 Rb1 58. Kg3 Rh1 59. Rd2 Rh3+ 60.
Kg2 Rf3 61. Re2 Re7 62. h5 Rf4 63. e6 Rxd4 64. Kg3 Rf4 65.
Rh2 Kg5 66. h6 Rf3+ 67. Kg2 Rh3 68. Rxh3 gxh3+ 69. Kxh3 Kxh6 0-1

[Event "RUS-ch Rapid 2021"]
[Site "Sochi"]
[Date "2021.10.13"]
[Round "9.7"]
[White "Zakaryan, David"]
[Black "Kokarev, Dmitry"]
[Result "1/2-1/2"]
[ECO "E92"]
[WhiteElo "2283"]
[BlackElo "2579"]
[Annotator "ChessBase"]
[PlyCount "100"]
[EventDate "2021.10.12"]
[EventType "swiss"]
[EventCountry "RUS"]
[SourceTitle "playchess.com"]
[Source "ChessBase"]
[SourceQuality "1"]
[TimeControl "900+10"]

1. d4 Nf6 2. c4 g6 3. Nc3 Bg7 4. e4 d6 5. Nf3 O-O 6. h3 e5 7. d5 a5 8. Be2 Nfd7 9. Bg5 Qe8 10. g4 Nc5 11. Nd2 Nba6 12. a3 Bd7 13. Qc2 c6 14. O-O f5 15. f3 Bf6 16. Be3 Qe7 17. Rab1 a4 18. Nxa4 Nxa4 19. Qxa4 cxd5 20. Qb3 d4 21. c5+ Kg7 22. cxd6 Qxd6 23. Bf2 Nc5 24. Nc4 Nxb3 25. Nxd6 fxg4 26. hxg4 Nd2 27. Rbc1 Bc6 28. Rfd1 Bg5 29. Kg2 Rad8 30. Nc4 d3 31. Bxd3 Rxd3 32. Nxe5 Rdxf3 33. Bd4 Kg8 34. Rxc6 bxc6 35. Rxd2 Bxd2 36. Nxf3 Bf4 37. Bc3 Kf7 38. Ne1 Rd8 39. Nc2 Be5 40. Bxe5 Rd2+ 41. Kf3 Rxc2 42. a4 Rc4 43. a5 Ra4 44. Bc3 h6 45. Kf4 Ke6 46. Kf3 c5 47. Bd2 Rd4 48. Bxh6 Rb4 49. Bg7 g5 50. Bc3 Ra4 1/2-1/2

[Event "RUS-ch Rapid 2021"]
[Site "Sochi"]
[Date "2021.10.13"]
[Round "9.8"]
[White "Afanasiev, Nikita"]
[Black "Rozum, Ivan"]
[Result "0-1"]
[ECO "B15"]
[WhiteElo "2560"]
[BlackElo "2529"]
[Annotator "ChessBase"]
[PlyCount "89"]
[EventDate "2021.10.12"]
[EventType "swiss"]
[EventCountry "RUS"]
[SourceTitle "playchess.com"]
[Source "ChessBase"]
[SourceQuality "1"]
[TimeControl "900+10"]

1. e4 c6 2. d4 d5 3. f3 g6 4. Nc3 Bg7 5. Be3 Qb6 6. Qd2 Qxb2 7. Rb1 Qa3 8.
Bd3 dxe4 9. fxe4 e5 10. dxe5 Bxe5 11. Rb3 Qa5 12. Nf3 Bg7 13. Bc4 Nf6 14. e5 Ng4 15. Bxf7+ Kxf7 16. Ng5+ Ke8 17. O-O Qxe5 18. Re1 Qxh2+ 19. Kf1 Rf8+ 20. Bf4+ Be5 21. Rb4 Qh1+ 22. Ke2 Qxg2+ 23. Kd1 Qxd2+ 24. Kxd2 Rf5 25. Rbe4 Nd7 26.
Nf3 Nc5 27. Rxe5+ Nxe5 28. Nxe5 Be6 29. Bg3 Rd8+ 30. Ke3 Kf8 31. Ne2 Rd5 32. Nf3 Bc8 33. Ned4 Rf7 34. c4 Re7+ 35. Kd2 Rdd7 36. Be5 Ne6 37. Kc3 Nxd4 38. Nxd4 Kg8 39. Nf3 Rd8 40. Re3 Rf8 41. Kd4 Rd8+ 42. Ke4 Bf5+ 43. Kf4 Rd3 44. Re1 c5 45. Ng1 0-1

[Event "RUS-ch Rapid 2021"]
[Site "Sochi"]
[Date "2021.10.13"]
[Round "9.9"]
[White "Demidov, Mikhail"]
[Black "Timofeev, Artyom"]
[Result "1/2-1/2"]
[ECO "A49"]
[WhiteElo "2551"]
[BlackElo "2586"]
[Annotator "ChessBase"]
[PlyCount "103"]
[EventDate "2021.10.12"]
[EventType "swiss"]
[EventCountry "RUS"]
[SourceTitle "playchess.com"]
[Source "ChessBase"]
[SourceQuality "1"]
[TimeControl "900+10"]

1. Nf3 Nf6 2. g3 g6 3. b3 Bg7 4. Bb2 O-O 5. Bg2 d6 6. d4 Nbd7 7. O-O Rb8 8. Nbd2 c5 9. c4 b5 10. dxc5 dxc5 11. cxb5 Rxb5 12. Nc4 Qc7 13. Rc1 Rb8 14. Qd2 Bb7 15. Qa5 Qxa5 16. Nxa5 Ba8 17. Rfd1 Rb5 18. Nc4 Nb6 19. Nfe5 Bxg2 20. Kxg2 Nxc4 21. Rxc4 Rc8 22. Nd3 Nd7 23. Bxg7 Kxg7 24. Rdc1 a5 25. R1c3 f5 26. Kf1 Kf6 27. Ke1 e5 28. f3 Ke6 29. a4 Rb6 30. Nxc5+ Rxc5 31. Rxc5 Nxc5 32. Rxc5 Rxb3 33. Rxa5 f4 34. Ra6+ Kf5 35. g4+ Kg5 36. Re6 Re3 37. Kf2 Kh4 38. Re7 h5 39. gxh5 gxh5 40. a5 Kh3 41. a6 h4 42. a7 Ra3 43. Rxe5 Rxa7 44. Rf5 Ra4 45. Rh5 Rb4 46. Rh7 Ra4 47. Rh8 Rb4 48. Rh7 Ra4 49. Rh6 Rb4 50. Rh5 Ra4 51. Rh7 Rb4 52. Rh8 1/2-1/2

[Event "RUS-ch Rapid 2021"]
[Site "Sochi"]
[Date "2021.10.13"]
[Round "9.10"]
[White "Bocharov, Dmitry"]
[Black "Zubritskiy, Artyom"]
[Result "1-0"]
[ECO "A84"]
[WhiteElo "2517"]
[BlackElo "2442"]
[Annotator "RC"]
[PlyCount "132"]
[EventDate "2021.10.12"]
[EventType "swiss"]
[EventCountry "RUS"]
[SourceTitle "playchess.com"]
[Source "ChessBase"]
[SourceQuality "1"]
[TimeControl "900+10"]

1. Nf3 f5 2. d4 Nf6 3. c4 g6 4. e3 Bg7 5. b4 O-O 6. Bb2 d6 7. Be2 e6 8. O-O Qe7 9. Nc3 Nc6 10. b5 Nd8 11. a4 Nf7 12. a5 g5 13. c5 g4 14. Nd2 d5 15. Ba3 c6 16. a6 bxa6 17. bxc6 Ne8 18. Qa4 Nc7 19. Rab1 e5 20. Rb7 Bxb7 21. cxb7 Rab8 22. c6 Qh4 23. Qa5 exd4 24. exd4 Bxd4 25. Bxf8 Bb6 26. Qa3 Qf6 27. Na4 Qxc6 28. Nxb6 axb6 29. Rc1 Qd7 30. Bb4 Rxb7 31. Qc3 d4 32. Qb3 a5 33. Bxa5 Ne6 34. Bb4 Nf4 35. Bf1 Kg7 36. Ba3 Ng5 37. Qb4 Nge6 38. Nc4 Qd5 39. Nd6 Rb8 40. Qb5 Qxb5 41. Bxb5 Ra8 42. Bb2 Ra2 43. Rb1 Kf6 44. Bc4 Ra4 45. g3 Nh3+ 46. Kf1 Nhg5 47. Bb3 Ra8 48. Bc2 Nf3 49. Bc1 Nxh2+ 50. Kg2 Nf3 51. Bxf5 h5 52. Be4 Rd8 53. Nc4 Nfg5 54. Bxg5+ Nxg5 55. Rxb6+ Ke7 56. Bf5 Rd5 57. Bd3 Rc5 58. Nd2 Ra5 59. Rb5 Rxb5 60. Bxb5 Nh7 61. Nb3 Nf6 62. Nxd4 Kd6 63. Ne2 Ke5 64. Bd3 Ke6 65. Bg6 Ke5 66. Kf1 Kd5 1-0

[Event "RUS-ch Rapid 2021"]
[Site "Sochi"]
[Date "2021.10.13"]
[Round "9.11"]
[White "Murzin, Volodar"]
[Black "Grachev, Boris"]
[Result "1/2-1/2"]
[ECO "C01"]
[WhiteElo "2513"]
[BlackElo "2615"]
[Annotator "RC"]
[PlyCount "99"]
[EventDate "2021.10.12"]
[EventType "swiss"]
[EventCountry "RUS"]
[SourceTitle "playchess.com"]
[Source "ChessBase"]
[SourceQuality "1"]
[TimeControl "900+10"]

1. e4 e6 2. d4 d5 3. Nc3 Be7 4. Bd3 c5 5. dxc5 Nf6 6. exd5 exd5 7. Nf3 O-O 8. O-O Bxc5 9. h3 h6 10. Bf4 Nc6 11. Qd2 Re8 12. Rfe1 Be6 13.
Ne5 a6 14. a3 Nxe5 15. Bxe5 Nd7 16. Bg3 Nb6 17. Rad1 Rc8 18. Ne2 Qg5 19. Bf4 Qf6 20. c3 Bf5 21. Bxf5 Qxf5 22. Ng3 Qf6 23. Nh5 Qg6 24. Ng3 Nc4 25. Rxe8+ Rxe8 26. Qxd5 Nxb2 27. Rd2 Na4 28. Qxb7 Nxc3 29. Kh2 Qf6 30. Qc7 Bb6 31. Qd6 Qxd6 32. Rxd6 Bc7 33. Rd4 Nb5 34. Rc4 Bxf4 35. Rxf4 Nxa3 36. Ra4 Nb5 37. Rxa6 Nd4 38. Rd6 Ne6 39. Rd2 g6 40. Re2 Ra8 41. Nf1 h5 42. h4 Nd4 43. Re4 Nf5 44. g3 Ra2 45.
Kg2 Ra3 46. Nh2 Nh6 47. Re2 Kg7 48. Nf3 Nf5 49. Rd2 Ra7 50.
Nd4 1/2-1/2

[Event "RUS-ch Rapid 2021"]
[Site "Sochi"]
[Date "2021.10.13"]
[Round "9.12"]
[White "Pogosyan, Stefan"]
[Black "Sarana, Alexey"]
[Result "0-1"]
[ECO "A09"]
[WhiteElo "2407"]
[BlackElo "2649"]
[Annotator "RC"]
[PlyCount "90"]
[EventDate "2021.10.12"]
[EventType "swiss"]
[EventCountry "RUS"]
[SourceTitle "playchess.com"]
[Source "ChessBase"]
[SourceQuality "1"]
[TimeControl "900+10"]

1. Nf3 d5 2. c4 d4 3. b4 c5 4. bxc5 Nc6 5. g3 e5 6. d3 Nf6 7. Bg2 Bxc5 8. O-O O-O 9. Nfd2 Bf5 10. a4 Qe7 11. Nb3 Bb4 12. Na3 e4 13. Nc2 Bc3 14. Ba3 Qe5 15.
Bxf8 Rxf8 16. Rb1 Rd8 17. Nc1 Qe7 18. Na2 Ba5 19. Rb3 h5 20.
Qb1 b6 21. f3 exd3 22. exd3 Ne5 23. Qd1 Nfd7 24. f4 Ng4 25. Nab4 Bxb4 26. Rxb4 Ne3 27. Re1 Qc5 28. Qd2 Nxc2 29. Rb5 Qa3 30. Rxf5 Nxe1 31. Qxe1 Nf6 32. Bd5 Qxd3 33. Qe7 Qb1+ 34. Kg2 Qc2+ 35. Kg1 Qxf5 36. Qxd8+ Kh7 37. Bxf7 Qe4 38. Qc8 d3 39. f5 d2 40. Qd8 Qe1+ 41. Kg2 Qe2+ 42. Kh3 d1=Q 43. Bg6+ Kh6 44. Qh8+ Kg5 45. Qxg7 Qdf1# 0-1

[Event "RUS-ch Rapid 2021"]
[Site "Sochi"]
[Date "2021.10.13"]
[Round "9.13"]
[White "Belozerov, Andrei"]
[Black "Kezin, Roman"]
[Result "1-0"]
[ECO "B40"]
[WhiteElo "2476"]
[BlackElo "2492"]
[Annotator "ChessBase"]
[PlyCount "129"]
[EventDate "2021.10.12"]
[EventType "swiss"]
[EventCountry "RUS"]
[SourceTitle "playchess.com"]
[Source "ChessBase"]
[SourceQuality "1"]
[TimeControl "900+10"]

1. e4 c5 2. Nf3 e6 3. g3 Nc6 4. Bg2 Nf6 5. Qe2 e5 6. O-O Be7 7. c3 O-O 8. Rd1 Re8 9. d3 h6 10. Na3 Bf8 11. Nc4 d6 12. a4 Be6 13. h3 Qc7 14. Nh4 d5 15.
Ne3 Rad8 16. Ng4 Nh7 17. exd5 Bxd5 18. Be4 Ng5 19. Bxg5 hxg5 20. Nf3 Qe7 21. Qe3 f6 22. Bxd5+ Rxd5 23. Qe4 Qf7 24. Ne3 Rd7 25. h4 g6 26. a5 a6 27. hxg5 f5 28. Qc4 Red8 29. Kf1 Qxc4 30. Nxc4 e4 31. Nfe5 Nxe5 32. Nxe5 Rd6 33. f4 exf3 34. Kf2 Bg7 35.
Nxf3 Rxd3 36. Rxd3 Rxd3 37. Ra3 Kf7 38. Rb3 Rd7 39. Rb6 Re7 40.
Nh4 Rd7 41. Nxg6 c4 42. Nh4 Rd5 43. Rxb7+ Kg8 44. Ng6 Rxa5 45. Kf3 Rc5 46. Kf4 Ra5 47. Ne7+ Kf8 48. Nxf5 Be5+ 49. Ke4 Rc5 50. g6 Kg8 51. Nh6+ Kf8 52. g7+ Bxg7 53. Rf7+ Ke8 54. Rxg7 Rb5 55. Rc7 Rxb2 56. Rxc4 Rb6 57. Nf5 Kf7 58. g4 Kf6 59. Kf4 a5 60. Nd4 Rb1 61. Rc6+ Kf7 62. Ra6 Ra1 63. g5 a4 64. g6+ Kf8 65. Nf5 1-0

[Event "RUS-ch Rapid 2021"]
[Site "Sochi"]
[Date "2021.10.13"]
[Round "9.14"]
[White "Obgolts, Erik"]
[Black "Nozdrachev, Vladislav"]
[Result "1/2-1/2"]
[ECO "C80"]
[WhiteElo "2430"]
[BlackElo "2495"]
[Annotator "ChessBase"]
[PlyCount "98"]
[EventDate "2021.10.12"]
[EventType "swiss"]
[EventCountry "RUS"]
[SourceTitle "playchess.com"]
[Source "ChessBase"]
[SourceQuality "1"]
[TimeControl "900+10"]

1. e4 e5 2. Nf3 Nc6 3. Bb5 a6 4. Ba4 Nf6 5. O-O Nxe4 6. d4 b5 7. Bb3 d5 8. dxe5 Be6 9. Nc3 Nxc3 10. bxc3 Be7 11. Nd4 Nxd4 12. cxd4 c5 13. c3 c4 14. Bc2 O-O 15. f4 f5 16. exf6 Rxf6 17. f5 Bf7 18.
Bf4 a5 19. a3 Qf8 20. Qc1 Rb6 21. Be5 h6 22. Rf3 Bg5 23. Qe1 b4 24. axb4 axb4 25. Rxa8 Qxa8 26. cxb4 Qa2 27. Qc3 Be7 28. Rf2 Qa7 29. h3 Bf6 30. Re2 Ra6 31. Bxf6 gxf6 32. Qg3+ Kh7 33. Kh2 Ra2 34. Qf4 Kg7 35. Qg4+ Kh7 36. Qf4 Kg7 37. b5 Rb2 38. Qg4+ Kh7 39. b6 Rxb6 40. Re3 h5 41. Qf4 Qb8 42. Qxb8 Rxb8 43. Re7 Kg8 44. Rc7 Rb2 45. Ba4 Rd2 46. Rc8+ Kg7 47. Rc7 Kf8 48. Rc8+ Kg7 49. Rc7 Kf8 1/2-1/2

[Event "RUS-ch Rapid 2021"]
[Site "Sochi"]
[Date "2021.10.13"]
[Round "9.15"]
[White "Triapishko, Alexandr"]
[Black "Usmanov, Vasily"]
[Result "1-0"]
[ECO "D02"]
[WhiteElo "2506"]
[BlackElo "2447"]
[Annotator "ChessBase"]
[PlyCount "71"]
[EventDate "2021.10.12"]
[EventType "swiss"]
[EventCountry "RUS"]
[SourceTitle "playchess.com"]
[Source "ChessBase"]
[SourceQuality "1"]
[TimeControl "900+10"]

1. Nf3 d5 2. g3 Nd7 3. d4 Nb6 4. Bg2 Bf5 5. a4 a5 6. O-O e6 7. Ne5 Nf6 8. f3 h6 9. e4 Bh7 10. Be3 Be7 11. Nd2 O-O 12. Qe2 Nfd7 13.
Nd3 Qc8 14. Qf2 c6 15. b3 Qc7 16. c4 Rad8 17. Rac1 Nf6 18. Qe2 Qb8 19. c5 Nbd7 20. e5 Ne8 21. b4 b6 22. Nb3 Bxd3 23. Qxd3 axb4 24. cxb6 Nxb6 25. Na5 Rd7 26. Nxc6 Qa8 27. Qb5 Nc4 28. Bf2 Bg5 29. f4 Nc7 30. Qxb4 Qxc6 31. fxg5 Na6 32. Qb5 Qxb5 33. axb5 Nc7 34. gxh6 Nxb5 35. hxg7 Ra8 36. Rxc4 1-0

[Event "RUS-ch Rapid 2021"]
[Site "Sochi"]
[Date "2021.10.13"]
[Round "9.16"]
[White "Popov, Valerij"]
[Black "Pershin, Denis"]
[Result "1-0"]
[ECO "D38"]
[WhiteElo "2537"]
[BlackElo "2388"]
[Annotator "ChessBase"]
[PlyCount "72"]
[EventDate "2021.10.12"]
[EventType "swiss"]
[EventCountry "RUS"]
[SourceTitle "playchess.com"]
[Source "ChessBase"]
[SourceQuality "1"]
[TimeControl "900+10"]

1. c4 Nf6 2. Nf3 e6 3. Nc3 d5 4. d4 Bb4 5. cxd5 exd5 6. Bg5 h6 7. Bh4 O-O 8. e3 Bf5 9. Qa4 c5 10. dxc5 Nc6 11. Bb5 g5 12. Bxc6 Bxc3+ 13. bxc3 bxc6 14. Nxg5 hxg5 15. Bxg5 Kg7 16.
Qf4 Kg6 17. g4 Bc2 18. h4 Re8 19. h5+ Kg7 20. h6+ Kh7 21. Bxf6 Qd7 22. f3 Bg6 23. Bd4 Qe7 24. Kf2 Rab8 25. Kg3 a5 26. Rh2 a4 27. Rah1 a3 28. Rh5 Rg8 29. Re5 Qd8 30. Rf5 Qe7 31. Rf6 Rb2 32. Rh2 Rxh2 33. Kxh2 Ra8 34. Kg3 Ra7 35. Rxc6 Rb7 36. Rc8 Qd8 1-0

[Event "RUS-ch Rapid 2021"]
[Site "Sochi"]
[Date "2021.10.13"]
[Round "9.17"]
[White "Khegay, Dmitriy"]
[Black "Gochelashvili, David"]
[Result "0-1"]
[ECO "A48"]
[WhiteElo "2521"]
[BlackElo "2400"]
[Annotator "ChessBase"]
[PlyCount "92"]
[EventDate "2021.10.12"]
[EventType "swiss"]
[EventCountry "RUS"]
[SourceTitle "playchess.com"]
[Source "ChessBase"]
[SourceQuality "1"]
[TimeControl "900+10"]

1. d4 Nf6 2. Bf4 d6 3. e3 g6 4. Nf3 Nh5 5. Bg3 Nxg3 6. hxg3 Bg7 7. Be2 Nd7 8. Nc3 c6 9. Qd2 b5 10. a4 b4 11. Nd1 Rb8 12. e4 e5 13.
dxe5 dxe5 14. Ne3 Qe7 15. Nc4 O-O 16. Qd6 Qxd6 17. Nxd6 Nc5 18. Bc4 b3 19. Ng5 Be6 20. O-O-O Bxc4 21. Nxc4 h6 22. Nh3 Rb4 23. Nd2 bxc2 24. Kxc2 Rfb8 25. Rb1 Nxe4 26. Rhd1 Nxd2 27. Rxd2 Rc4+ 28. Kd1 Rxa4 29. Ng1 e4 30. Ne2 Rab4 31. Rd7 a5 32. Rc7 Bxb2 33. Rxc6 a4 34. Ra6 a3 35. Nf4 R4b6 36. Ra4 Rb4 37. Ra6 Rd8+ 38. Ke2 Rdd4 39. Rh1 Ra4 40. Rb6 Rdb4 41. Nd5 Rxb6 42. Nxb6 Rb4 43. Nd5 Rb5 44. Ne3 Bg7 45. Nc2 Rb2 46. Kd2 Rxc2+ 0-1

[Event "RUS-ch Rapid 2021"]
[Site "Sochi"]
[Date "2021.10.13"]
[Round "9.18"]
[White "Oganian, Miran"]
[Black "Faizrakhmanov, Ramil"]
[Result "0-1"]
[ECO "E04"]
[WhiteElo "2441"]
[BlackElo "2483"]
[Annotator "ChessBase"]
[PlyCount "94"]
[EventDate "2021.10.12"]
[EventType "swiss"]
[EventCountry "RUS"]
[SourceTitle "playchess.com"]
[Source "ChessBase"]
[SourceQuality "1"]
[TimeControl "900+10"]

1. d4 Nf6 2. c4 e6 3. g3 d5 4. Nf3 dxc4 5. Bg2 Bb4+ 6. Bd2 a5 7. O-O O-O 8. Bg5 h6 9. Bxf6 Qxf6 10. Qc2 Nd7 11. Qxc4 e5 12. Qxc7 exd4 13. Qf4 Qxf4 14. gxf4 d3 15. exd3 Nc5 16. Ne5 Rd8 17. Nc3 Bxc3 18. bxc3 f6 19. d4 Na4 20. Nc4 Nxc3 21. Rfe1 Ra6 22. d5 b5 23. Ne3 b4 24. a3 Kf8 25.
Bf1 Rb6 26. Nc4 Rb5 27. axb4 axb4 28. Na5 Rbxd5 29. Nc6 b3 30. Nxd8 b2 31. Ra8 Rxd8 32. Rb8 b1=Q 33. Rexb1 Nxb1 34. Rxb1 Bf5 35. Rc1 Rd4 36. Rc7 Rxf4 37. Be2 Rb4 38. Kg2 Rb3 39. h4 Be4+ 40. Kh2 Rb2 41. Bc4 Rxf2+ 42. Kg3 Rc2 43. Rc8+ Ke7 44. Kf4 Bd5 45. Ba6 g5+ 46. Kg3 Rg2+ 47. Kh3 g4# 0-1

[Event "RUS-ch Rapid 2021"]
[Site "Sochi"]
[Date "2021.10.13"]
[Round "9.19"]
[White "Khanin, Semen"]
[Black "Ivanov, Alexander Al."]
[Result "1/2-1/2"]
[ECO "C66"]
[WhiteElo "2521"]
[BlackElo "2400"]
[Annotator "ChessBase"]
[PlyCount "116"]
[EventDate "2021.10.12"]
[EventType "swiss"]
[EventCountry "RUS"]
[SourceTitle "playchess.com"]
[Source "ChessBase"]
[SourceQuality "1"]
[TimeControl "900+10"]

1. d4 d6 2. e4 Nf6 3. Nc3 e5 4. Nf3 Nc6 5. Bb5 Bd7 6. O-O Be7 7. Re1 exd4 8.
Nxd4 Nxd4 9. Qxd4 Bxb5 10. Nxb5 c6 11. Nc3 O-O 12. Bf4 Nh5 13.
Be3 Qc7 14. a4 a5 15. Rad1 Rfd8 16. Qc4 Rdc8 17. h3 Nf6 18. f4 d5 19. exd5 cxd5 20. Qxc7 Rxc7 21. Bd4 Bc5 22. g4 h6 23. Kg2 Bxd4 24. Rxd4 Rac8 25. g5 hxg5 26. fxg5 Ne4 27. Nxe4 dxe4 28. c3 Rc5 29. h4 b5 30. Rexe4 bxa4 31. Rxa4 Rb5 32. Re2 Rcb8 33. Kf3 Kh7 34. Kg4 Rxb2 35. Rxb2 Rxb2 36. Rxa5 Rg2+ 37. Kf5 Rf2+ 38. Ke5 Kg6 39. Ra8 Rh2 40. Rh8 f6+ 41. gxf6 gxf6+ 42. Kd5 Kg7 43. Re8 Rxh4 44. c4 Rh1 45. c5 Rd1+ 46. Ke6 Re1+ 47. Kd7 Rd1+ 48. Kc7 f5 49. c6 Kg6 50. Re6+ Kg5 51. Rd6 Rc1 52. Kd7 f4 53. c7 f3 54. c8=Q Rxc8 55.
Kxc8 f2 56. Rd1 Kf4 57. Rf1 Ke3 58. Rxf2 Kxf2 1/2-1/2

[Event "RUS-ch Rapid 2021"]
[Site "Sochi"]
[Date "2021.10.13"]
[Round "9.20"]
[White "Ekdyshman, Mikhail"]
[Black "Antipov, Mikhail Al."]
[Result "0-1"]
[ECO "A35"]
[WhiteElo "2315"]
[BlackElo "2619"]
[Annotator "RC"]
[PlyCount "94"]
[EventDate "2021.10.12"]
[EventType "swiss"]
[EventCountry "RUS"]
[SourceTitle "playchess.com"]
[Source "ChessBase"]
[SourceQuality "1"]
[TimeControl "900+10"]

1. c4 g6 2. Nc3 c5 3. Nf3 Bg7 4. d4 cxd4 5. Nxd4 Nc6 6. Nc2 Bxc3+ 7. bxc3 Nf6 8. f3 Qa5 9. e4 d6 10. Be2 Qxc3+ 11. Bd2 Qe5 12. O-O O-O 13. Bh6 Re8 14. Rb1 Qa5 15. Bd2 Qc7 16. Ne3 Nd4 17. Bc3 Nxe2+ 18. Qxe2 Be6 19. Rfc1 Rac8 20. Bd4 b6 21. Qb2 Nd7 22. f4 f6 23. Qe2 Nc5 24. f5 Bf7 25. Ng4 Qc6 26. Re1 Nd7 27. Rbc1 Bxc4 28. Qe3 Qa4 29. Rc3 Bf7 30. Ra3 Qb4 31. Rxa7 Ne5 32. Nxe5 dxe5 33. Bxb6 gxf5 34. exf5 Rc2 35. Rc7 Rxc7 36.
Bxc7 Rc8 37. Rc1 Qb2 38. Qc5 Qd2 39. a4 Bd5 40. Kf1 Bxg2+ 41. Kg1 Bd5 42. Kf1 Kf7 43. Rc2 Qd1+ 44. Kf2 Rg8 45. Ke3 Rg4 46. Qc3 Re4+ 47. Kf2 Rf4+ 0-1

[Event "RUS-ch Rapid 2021"]
[Site "Sochi"]
[Date "2021.10.13"]
[Round "9.21"]
[White "Sakaev, Konstantin"]
[Black "Gubsky, Egor"]
[Result "1-0"]
[ECO "E50"]
[WhiteElo "2603"]
[BlackElo "2339"]
[Annotator "RC"]
[PlyCount "71"]
[EventDate "2021.10.12"]
[EventType "swiss"]
[EventCountry "RUS"]
[SourceTitle "playchess.com"]
[Source "ChessBase"]
[SourceQuality "1"]
[TimeControl "900+10"]

1. d4 Nf6 2. c4 e6 3. Nc3 Bb4 4. e3 O-O 5. Bd3 c5 6. Nf3 Nc6 7. d5 Bxc3+ 8.
bxc3 Ne7 9. e4 d6 10. Bg5 Ne8 11. dxe6 Bxe6 12. Nd2 h6 13. Bh4 Qd7 14. O-O Ng6 15. Bg3 Nc7 16. Re1 Rad8 17. Nf1 Ne5 18. Ne3 b5 19. cxb5 Nxb5 20. Qd2 Qc6 21. Bf1 c4 22. Nd5 Qc5 23. Nf4 Rfe8 24. Nxe6 Rxe6 25. Rad1 Qa3 26. Rc1 Rc8 27. h3 Nd7 28. Re3 Nc5 29. Bxc4 Nxe4 30. Rxe4 Rxe4 31. Bxb5 d5 32. Bd3 Ra4 33. Bf5 Rcc4 34. Re1 Qf8 35. Bd7 d4 36. Bxa4 1-0